 Dungeon Crawl Stone Soup version 0.31-a0-4-gefa6de2278 (webtiles) character file.

Game seed: 14555049404743856143

97 retardedninja the Firebug (level 4, -3/32 HPs)
             Began as a Gnoll Fire Elementalist on May 4, 2023.
             Killed by divine providence
             ... invoked by an orc priest
              (14 damage)
             ... on level 3 of the Dungeon.
             The game lasted 00:02:51 (2955 turns).

retardedninja the Firebug (Gnoll Fire Elementalist) Turns: 2955, Time: 00:02:51

Health: -3/32      AC:  3    Str:  7    XL:     4   Next: 68%
Magic:  5/11       EV: 13    Int: 16    God:
Gold:   106        SH:  0    Dex: 13    Spells: 12/13 levels left

rFire   . . .        l - +0 war axe
rCold   . . .        (no shield)
rNeg    + . .        a - +0 robe
rPois   .            (no helmet)
rElec   .            (no cloak)
rCorr   .            g - +0 pair of gloves
SInv    .            (no boots)
Will    .....        (no amulet)
Stlth   +            j - ring of positive energy
HPRegen 0.25/turn    (no ring)
MPRegen 0.12/turn

%: no passive effects
@: confused
A: fangs 1, strong nose, distributed training
a: no special abilities


You were on level 3 of the Dungeon.
You visited 1 branch of the dungeon, and saw 3 of its levels.

You collected 106 gold pieces.

Inventory:

Hand Weapons
 l - a +0 war axe (weapon)
Armour
 a - a +0 robe (worn)
 g - a +0 pair of gloves (worn)
Jewellery
 j - a ring of positive energy (left hand)
Wands
 r - a wand of acid (6)
Scrolls
 d - 3 scrolls of identify {unknown}
 e - 2 scrolls of poison {unknown}
 f - 2 scrolls of amnesia {unknown}
 k - a scroll of enchant weapon {unknown}
Potions
 b - 3 potions of magic
 c - 2 potions of berserk rage {unknown}
 h - 2 potions of brilliance {unknown}
 i - a potion of heal wounds {unknown}
 m - a potion of resistance {unknown}
 n - a potion of degeneration {unknown}
 o - a potion of attraction {unknown}
 p - a potion of flight {unknown}
 q - 2 potions of might {unknown}


   Skills:
 + Level 1.2 Fighting
 + Level 1.2 Short Blades
 + Level 1.2 Long Blades
 + Level 1.2 Axes
 + Level 1.2 Maces & Flails
 + Level 1.2 Polearms
 + Level 1.2 Staves
 + Level 1.2 Ranged Weapons
 + Level 1.2 Throwing
 + Level 1.2 Armour
 + Level 4.7 Dodging
 + Level 4.3 Stealth
 + Level 1.2 Shields
 + Level 1.2 Unarmed Combat
 + Level 5.1 Spellcasting
 + Level 2.3 Conjurations
 + Level 1.0 Hexes
 + Level 1.0 Summonings
 + Level 1.0 Necromancy
 + Level 1.0 Translocations
 + Level 1.0 Transmutations
 + Level 5.5 Fire Magic
 + Level 1.0 Ice Magic
 + Level 1.0 Air Magic
 + Level 1.0 Earth Magic
 + Level 1.0 Poison Magic
 + Level 1.4 Invocations
 + Level 1.2 Evocations


You had 12 spell levels left.
You knew the following spells:

 Your Spells              Type           Power      Damage    Failure   Level
a - Foxfire               Conj/Fire      64%        2x1d7     3%          1

Your spell library contained the following spells:

 Spells                   Type           Power      Damage    Failure   Level
 Scorch                   Fire           42%        2d6       2%          2
 Inner Flame              Hex/Fire       14%        N/A       12%         3
 Volatile Blastmotes      Fire/Tloc      28%        2d12      12%         3
 Flame Wave               Conj/Fire      16%        2d7       30%         4


Dungeon Overview and Level Annotations

Branches:
Dungeon (3/15)

Altars:
Uskayaw
Wu Jian


Innate Abilities, Weirdness & Mutations

You have very sharp teeth.
Your uncanny sense of smell can sniff out nearby items.
Your experience applies equally to all skills.


Message History

An orc priest comes into view. It is wielding a +0 short sword.
The foxfire hits the orc wizard.
The orc wizard is lightly wounded.
You conjure some foxfire!
The foxfire hits the orc wizard but does no damage.
The orc wizard is lightly wounded.
The orc wizard mumbles some strange words.
The orc wizard flickers and vanishes!
Deactivating autopickup; reactivate with Ctrl-A.
The foxfire hits something.
You hear a shout!
Memorise Scorch, consuming 2 spell levels and leaving 10?
The foxfire hits something.
The orc priest calls down the wrath of Beogh upon you.
Beogh smites you!
Your memorisation is interrupted.
Aiming: Corrosive Bolt
Press: ? - help, Q - select action, (/) - cycle Shift-Dir - straight line The bolt of acid hits something!
The acid corrodes something!
Unknown command.
Unknown command.
Aiming: Corrosive Bolt
Press: ? - help, Q - select action, (/) - cycle Shift-Dir - straight line, f - orc priest
Aim: an orc priest, wielding a +0 short sword and wearing a +0 chain mail (79% to hit)
Out of range.
Okay, then.
Aiming: Corrosive Bolt
Press: ? - help, Q - select action, (/) - cycle Shift-Dir - straight line
Okay, then.
An orc comes into view.
It is wielding a +0 club and quivering silver boomerangs.
You hear some strange, mumbled words.
You are confused.
You are too confused!
Unknown command.
You are too confused!
You bump into the rock wall.
A magic dart appears from out of thin air!
The magic dart hits you!
The orc priest calls down the wrath of Beogh upon you.
Beogh smites you!
You die...

#.#.≈.8.≈.#...
#.#.≈...≈.####
#.#.≈≈.≈≈.#
######...≈§.≈≈.#
......<...≈≈.§≈.#
###.....#.≈§§≈≈.####
########.###)#.≈≈§≈§.....
..oo.).....#.#..≈§≈§.####
########@#.#.#.......##
#..............#
##############.### #....
#####


You could see an orc priest and an orc.

Vanquished Creatures
  2 adders
  2 worms
  A dart slug (D:1)
  4 orcs (D:3)
  6 endoplasms
  9 giant cockroaches
  3 goblins
  6 hobgoblins
  7 kobolds
  A quokka (D:1)
  2 ball pythons
  9 bats
  3 frilled lizards (D:1)
  6 rats
61 creatures vanquished.

Vanquished Creatures (others)
  263 foxfires
263 creatures vanquished.

Grand Total: 324 creatures vanquished

Notes
Turn   | Place    | Note
-------+----------+-------------------------------------------
     0 | D:1      | retardedninja the Gnoll Fire Elementalist began the quest
                  | for the Orb.
     0 | D:1      | Reached XP level 1. HP: 13/13 MP: 6/6
   194 | D:1      | Reached XP level 2. HP: 19/19 MP: 4/7
   712 | D:1      | Reached skill level 5 in Spellcasting
   712 | D:1      | Reached XP level 3. HP: 25/25 MP: 4/9
  1065 | D:1      | Reached skill level 1 in Invocations
  1535 | D:2      | Reached skill level 1 in Fighting
  1535 | D:2      | Reached skill level 1 in Short Blades
  1535 | D:2      | Reached skill level 1 in Long Blades
  1535 | D:2      | Reached skill level 1 in Axes
  1535 | D:2      | Reached skill level 1 in Maces & Flails
  1535 | D:2      | Reached skill level 1 in Polearms
  1535 | D:2      | Reached skill level 1 in Staves
  1535 | D:2      | Reached skill level 1 in Ranged Weapons
  1535 | D:2      | Reached skill level 1 in Throwing
  1535 | D:2      | Reached skill level 1 in Armour
  1535 | D:2      | Reached skill level 1 in Shields
  1535 | D:2      | Reached skill level 1 in Unarmed Combat
  1535 | D:2      | Reached skill level 1 in Evocations
  1740 | D:2      | Reached XP level 4. HP: 32/32 MP: 6/11
  1801 | D:2      | Found an ornate altar of the Wu Jian Council.
  2305 | D:3      | Found a faded altar of an unknown god.
  2581 | D:3      | Reached skill level 1 in Hexes
  2581 | D:3      | Reached skill level 1 in Summonings
  2581 | D:3      | Reached skill level 1 in Necromancy
  2581 | D:3      | Reached skill level 1 in Translocations
  2581 | D:3      | Reached skill level 1 in Transmutations
  2581 | D:3      | Reached skill level 1 in Ice Magic
  2581 | D:3      | Reached skill level 1 in Air Magic
  2581 | D:3      | Reached skill level 1 in Earth Magic
  2581 | D:3      | Reached skill level 1 in Poison Magic
  2614 | D:3      | Found a hide-covered altar of Uskayaw.
  2955 | D:3      | Killed from afar by an orc priest

Illustrated notes

Levels and vault maps discovered:
D:1:      evilmike_arrival_crescent, layout_loops_cross
D:2:      layout_rooms, basic_altar, minmay_misc_feat_cross
D:3:      layout_loops_ring, mainiacjoe_overflow_catwalk,
          hellmonk_ecumenical_altar_arch_garden, wad_rectangle_vault

Skill      XL: |  1  2  3  4 |
---------------+-------------+-----
Conjurations   | 2 |  2.3
Spellcasting   | 5 |  5.1
Invocations    | 1 |  1.4
Fighting       | 1 |  1.2
Short Blades   | 1 |  1.2
Long Blades    | 1 |  1.2
Axes           | 1 |  1.2
Maces & Flails | 1 |  1.2
Polearms       | 1 |  1.2
Staves         | 1 |  1.2
Ranged Weapons | 1 |  1.2
Throwing       | 1 |  1.2
Armour         | 1 |  1.2
Shields        | 1 |  1.2
Unarmed Combat | 1 |  1.2
Evocations     | 1 |  1.2
Hexes          | 1 |  1.0
Summonings     | 1 |  1.0
Necromancy     | 1 |  1.0
Translocations | 1 |  1.0
Transmutations | 1 |  1.0
Ice Magic      | 1 |  1.0
Air Magic      | 1 |  1.0
Earth Magic    | 1 |  1.0
Poison Magic   | 1 |  1.0
Dodging        | |  4.7
Stealth        | |  4.3
Fire Magic     | |  5.5

Action                     |  1- 3 |  4- 6 || total
---------------------------+-------+-------++-------
  Melee: Unarmed           |       |     6 ||     6
         Bite              |       |     1 ||     1
   Cast: Foxfire           |   103 |    62 ||   165
  Evoke: Wand              |       |     1 ||     1
 Armour: Robe              |       |     2 ||     2
  Dodge: Dodged            |    15 |    20 ||    35

Table legend: (Time is in decaauts)
 A = Elapsed time spent in this place.
 B = Non-inter-level travel time spent in this place.
 C = Inter-level travel time spent in this place.
 D = Time resting spent in this place.
 E = Time spent auto-exploring this place.
 F = Levels seen in this place.
 G = Mean time per level.
                   A        B        C        D        E       F      G
               +--------+--------+--------+--------+--------+-----+--------+
         Total |   2953 |   2914 |     39 |      0 |   2459 |   3 |  984.3 |
       Dungeon |   2953 |   2914 |     39 |      0 |   2459 |   3 |  984.3 |
               +--------+--------+--------+--------+--------+-----+--------+

Top non-repeatable levels by time:
     D:1: 1402 daAuts
     D:2: 808 daAuts
     D:3: 742 daAuts
